 Dungeon Crawl Stone Soup version 0.30-a0-591-g3c58d2bc28 (webtiles) character file.

Game seed: 14885042663772157885

17282 OTABOTABOTAB the Nimble (level 12, -2/93 HPs)
             Began as a Djinni Fire Elementalist on Jan 5, 2023.
             Was a Believer of Makhleb.
             Slain by an orc knight
             ... wielding a +0 glaive
              (24 damage)
             ... on level 2 of the Orcish Mines.
             The game lasted 00:41:35 (12152 turns).

OTABOTABOTAB the Nimble (Djinni Fire Elementalist) Turns: 12152, Time: 00:41:36

Health: -2/93      AC: 12    Str:  7    XL:     12   Next: 80%
Gold:   1032       EV: 25    Int: 21    God:    Makhleb [**....] SH:  7 Dex: 21

rFire   + + .      SeeInvis .    l - +7 long sword "Moefu" {protect, rN+}
rCold   x . .      Faith    .    Z - +1 buckler {reflect}
rNeg    + . .      Spirit   .    a - +0 robe
rPois   ∞          Reflect  +    I - +0 helmet
rElec   .          Harm     .    r - +0 cloak
rCorr   .          Rampage  .    A - +0 pair of gloves
Will    +....                    (boots unavailable)
Stlth   ++                       z - amulet of regeneration
HPRegen 1.15/turn                g - +6 ring of dexterity
MPRegen 0.00/turn                k - +5 ring of evasion

@: under a protective aura, animating dead, flying
A: sickness immunity, fire resistance 2, cold vulnerability 1, float, innate
caster, HP casting, extra vitality 1
a: Renounce Religion, Minor Destruction


You were on level 2 of the Orcish Mines.
You worshipped Makhleb.
Makhleb was pleased with you.
You visited 3 branches of the dungeon, and saw 13 of its levels.
You also visited: Sewer.

You collected 1362 gold pieces.
You spent 330 gold pieces at shops.

Inventory:

Hand Weapons
 l - the +7 long sword "Moefu" (weapon) {protect, rN+}
   (You found it on level 3 of the Dungeon)

   rN:        It protects you from negative energy.
Missiles
 p - 3 boomerangs
Armour
 a - a +0 robe (worn)
 m - a +2 leather armour of willpower
   (You took it off Eustachio on level 4 of the Dungeon)
 r - a +0 cloak (worn)
   (You found it on level 1 of the Dungeon)
 A - a +0 pair of gloves (worn)
   (You found it on level 7 of the Dungeon)
 I - a +0 helmet (worn)
   (You found it on level 8 of the Dungeon)
 Z - a +1 buckler of reflection (worn)
   (You found it on level 10 of the Dungeon)
Magical Staves
 Q - a staff of fire {rF+}
   (You took it off a kobold brigand on level 8 of the Dungeon)
 W - a staff of cold {rC+}
   (You took it off a kobold brigand on level 9 of the Dungeon)
Jewellery
 c - a ring of ice {rC+, rF-}
   (You took it off a kobold on level 9 of the Dungeon)
 g - a +6 ring of dexterity (left hand)
   (You found it on level 1 of the Dungeon)
 k - a +5 ring of evasion (right hand)
   (You found it on level 5 of the Dungeon)
 w - a +5 ring of evasion
   (You found it on level 6 of the Dungeon)
 x - a ring of resist corrosion
   (You found it on level 6 of the Dungeon)
 z - an amulet of regeneration (around neck)
   (You bought it in a shop on level 6 of the Dungeon)
 V - a ring of see invisible {sInv, !d}
   (You took it off an orc on level 8 of the Dungeon)
Wands
 d - a wand of digging (3)
   (You took it off Blork the orc on level 4 of the Dungeon)
 i - a wand of iceblast (9)
   (You took it off an orc priest on level 4 of the Dungeon)
 j - a wand of polymorph (7)
   (You took it off Grinder on level 5 of the Dungeon)
 q - a wand of flame (28)
   (You took it off a kobold brigand on level 8 of the Dungeon)
 y - a wand of mindburst (31)
   (You took it off an orc wizard on level 8 of the Dungeon)
 C - a wand of light (11)
   (You took it off Ijyb on level 4 of the Dungeon)
Scrolls
 b - 3 scrolls of identify {@r1}
 e - 2 scrolls of enchant armour
 h - 4 scrolls of enchant weapon
 D - 2 scrolls of blinking {!r}
 E - a scroll of fear
 K - a scroll of immolation {!r}
 P - 4 scrolls of fog
 T - a scroll of poison
 X - 3 scrolls of magic mapping {@r4!r}
 Y - 2 scrolls of teleportation {@r3}
Potions
 f - a potion of magic
 n - 2 potions of lignification {unknown}
 o - 2 potions of invisibility {unknown}
 t - a potion of attraction {unknown}
 B - a potion of brilliance
 G - a potion of ambrosia {!q}
 J - 7 potions of curing {@q1}
 L - 2 potions of berserk rage {unknown}
 M - 3 potions of might
 N - 2 potions of heal wounds {@q2}
 R - 2 potions of resistance
 S - a potion of flight {unknown}
 U - a potion of mutation {!q}


   Skills:
 + Level 10.8 Fighting
 + Level 11.5 Dodging
 - Level 1.8 Stealth
 - Level 5.0 Shields
 + Level 9.2 Spellcasting
 - Level 5.0 Invocations


You had one spell level left.
You knew the following spells:

 Your Spells              Type           Power      Damage    Failure   Level
a - Foxfire               Conj/Fire      100%       2x1d9     1%          1
b - Scorch                Fire           96%        2d9       1%          2
c - Kindle Blastsparks    Fire/Tloc/Air  96%        2d18      1%          3
d - Inner Flame           Hex/Fire       48%        N/A       1%          3
e - Flame Wave            Conj/Fire      48%        2d12      1%          4
f - Sandblast             Erth           96%        2d20      1%          1
g - Summon Forest         Summ/Tloc      24%        N/A       5%          5
w - Passwall              Tmut/Erth      40%        N/A       1%          2
x - Mephitic Cloud        Conj/Pois/Air  48%        N/A       1%          3
A - Animate Dead          Necr           48%        N/A       1%          4
Your spell library was empty.

Dungeon Overview and Level Annotations

Branches:
Dungeon (10/15)            Temple (1/1) D:6            Lair (0/5) D:10
    Orc (2/2) D:10            Elf (0/3) Orc:2         Sewer (visited)

Altars:
Ashenzari
Cheibriados
Dithmenos
Elyvilon
Fedhas
Gozag
Hepliaklqana
Makhleb
Nemelex Xobeh
Okawaru
Qazlal
Ru
Trog
Uskayaw
Wu Jian
Xom
Yredelemnul
Zin
The Shining One

Shops:
D:4 *   D:6 =   Orc:2 (


Innate Abilities, Weirdness & Mutations

You are immune to sickness and miasma.
You are immune to poison.
Your flesh is very heat resistant. (rF++)
You are vulnerable to cold. (rC-)
You float through the air rather than walking.
You learn spells naturally, not from books.
Your magical power is your life essence.
You have superior vitality. (+4 MHP)


Message History

The orc priest hits the sixfirhy with a +0 club.
The orc knight is engulfed in noxious fumes.
The orc knight appears confused.
The orc knight hits the orc priest with a +0 glaive!
You take 3 damage, and have 62/93 hp.
The sixfirhy is engulfed in noxious fumes.
The sixfirhy appears confused.
The sixfirhy hits the orc sorcerer.
The sixfirhy shocks the orc sorcerer!
The sixfirhy is engulfed in noxious fumes.
The sixfirhy appears confused.
The sixfirhy completely misses itself.
The sixfirhy is engulfed in noxious fumes.
The sixfirhy appears confused.
The sixfirhy misses you.
The sixfirhy is engulfed in noxious fumes.
The sixfirhy appears confused.
The sixfirhy closely misses you.
The orc priest hits the sixfirhy with a +0 club.
The orc priest hits itself with a +0 club.
The orc priest is killed!
Makhleb accepts your kill.
You feel better.
The dead are walking!
The orc sorcerer mumbles some strange words.
The orc knight is engulfed in noxious fumes.
The orc sorcerer is engulfed in noxious fumes.
The orc sorcerer appears confused.
The orc sorcerer hits the sixfirhy with a +0 dagger!
The sixfirhy is killed!
The sixfirhy disappears in a puff of smoke!
You hear a shout!
You regained 3 hp, and now have 65/93 hp.
An orc wizard and an orc warrior come into view.
Found Cilourr's Weapon Emporium.
The orc wizard shouts!
The orc warrior shouts!
The orc knight hits the orc sorcerer with a +0 glaive!
The orc sorcerer is engulfed in noxious fumes.
The orc sorcerer appears confused.
The orc sorcerer hits the orc knight with a +0 dagger.
An orc high priest comes into view. It is wielding a +0 hand axe.
You hear a shout!
You slash the orc sorcerer!
Your weapon exudes an aura of protection.
You kill the orc sorcerer!
Makhleb accepts your kill.
The dead are walking!
Your orc priest zombie hits the orc knight but does no damage.
Something hits the orc warrior!
The orc knight gestures wildly.
The orc knight hits your orc sorcerer zombie with a +0 glaive!!
Your orc priest zombie completely misses the orc knight.
You regained 2 hp, and now have 68/93 hp.
An orc knight comes into view. It is wielding a +0 great mace.
The orc knight barely misses your orc sorcerer zombie.
The orc warrior hits your orc sorcerer zombie with a +0 flail.
An orc warrior comes into view. It is wielding a +4 mace.
The orc sorcerer hits your orc priest zombie with a +0 dagger.
The orc high priest mumbles some strange prayers to Beogh.
Your orc priest zombie hits the orc sorcerer but does no damage.
The orc warrior hits your orc sorcerer zombie with a +0 flail!
The orc warrior closely misses something.
Your orc sorcerer zombie hits the orc warrior but does no damage.
The orc knight gestures wildly.
The orc knight hits your orc sorcerer zombie with a +0 glaive!
The orc high priest calls upon Beogh to heal the orc knight.
The orc knight's wounds heal themselves!
An orc high priest comes into view. It is wielding a +0 mace.
Your orc sorcerer zombie hits the orc knight but does no damage.
Your orc priest zombie hits the orc knight but does no damage.
You closely miss the orc sorcerer.
The orc knight seems less confused.
The orc priest no longer looks unusually strong.
The orc high priest completely misses your orc priest zombie.
An orc warrior comes into view. It is wielding a +0 battleaxe.
The orc knight hits you but does no damage.
The orc priest casts a cantrip, but nothing happens.
Your orc priest zombie hits the orc knight.
Your orc sorcerer zombie hits the orc knight but does no damage.
The orc sorcerer casts a spell at you. The bolt of fire misses you.
Something hits the orc warrior!
The orc priest hits your orc priest zombie with a +0 club.
The orc high priest invokes the aid of Beogh against you.
Beogh smites you!
The orc knight hits your orc priest zombie with a +0 glaive!!
Your orc priest zombie is destroyed!
You take 12 damage, and have 59/93 hp.
You closely miss the orc sorcerer.
The orc sorcerer no longer looks unusually strong.
Your orc sorcerer zombie hits the orc knight.
Something closely misses the orc wizard.
The orc knight hits you from afar with a +0 glaive.
The orc sorcerer hits you but does no damage.
The orc knight roars a battlecry!
The orcs go into a battle-frenzy!
You take 4 damage, and have 55/93 hp.
You slash the orc sorcerer!
Your weapon exudes an aura of protection.
The ynoxinul gestures.
The orc sorcerer casts a spell at you. The bolt of fire misses you.
The orc knight hits you from afar with a +0 glaive!!
* * * LOW HITPOINT WARNING * * *
Your orc sorcerer zombie hits the orc knight.
Your orc sorcerer zombie hits the orc knight but does no damage.
The orc knight hits you from afar with a +0 glaive!!
You die...
Z...## ...## #∩. ...### #5. .....## 55## #.....# 3oo

#.....# 4o#
##....## ##oo##
... .#.....#
#Zo4o# ...
.....### #@# #.#
...### #.## #.#
...# #..## #.#
..## ##..### #.#
...##
##...####.####...
....###
###.......^...#
.^....##
######.######
.......# ##Z##
##...##. ##ZZ.#


You could see 2 orc knights, an orc high priest (strong), an ice devil
(summoned), a rust devil (summoned), a ynoxinul (summoned), an orc sorcerer
(strong), 2 orc warriors, an orc priest (strong), 3 ufetubi and a friendly orc
sorcerer zombie.

Vanquished Creatures
  Snorg (D:10)
  2 two-headed ogres
  Lodul (D:10)
  A wizard (D:8)
  2 orc sorcerers (Orc:2)
  A manticore (D:8)
  An unseen horror (D:10)
  A rime drake (D:10)
  A komodo dragon (D:8)
  2 trolls
  Grinder (D:5)
  A slime creature (D:8)
  2 dream sheep (D:10)
  2 shadows
  A wyvern (D:8)
  Eustachio (D:4)
  4 yaks
  3 steam dragons
  An acid dragon (D:8)
  2 water moccasins
  3 sky beasts
  8 ice beasts
  8 orc warriors
  A black bear (D:8)
  10 ogres
  4 centaurs
  2 phantoms
  5 kobold brigands
  Blork the orc (D:4)
  3 bullfrogs (D:8)
  A gnoll sergeant (D:9)
  4 scorpions
  12 wights
  5 killer bees
  6 howler monkeys
  A gnoll bouda (D:8)
  4 hounds
  18 orc priests
  Ijyb (D:4)
  An iguana (D:4)
  21 orc wizards
  2 ogre zombies (D:10)
  9 adders
  11 gnolls
  4 river rats (Sewer)
  2 shadow imps
  3 white imps
  An orc zombie (D:9)
  7 worms
  A dart slug (D:1)
  49 orcs
  4 ball pythons
  6 endoplasms
  A giant cockroach (D:4)
  6 goblins
  3 hobgoblins
  10 jackals
  9 kobolds
  2 quokkas
  5 bats
  6 frilled lizards
  19 rats
  A snaplasher vine (D:10)
311 creatures vanquished.

Vanquished Creatures (collateral kills)
  A cyclops (Orc:1)
  A gargoyle (D:10)
  2 trolls
  A dream sheep (D:10)
  3 yaks
  3 ice beasts (D:10)
  3 orc warriors
  An ogre (Orc:2)
  2 wolves (D:10)
  A bullfrog (D:9)
  A wight (D:9)
  3 killer bees (D:10)
  A gnoll bouda (D:10)
  2 orc wizards
  5 orcs
  22 foxfires (Sewer)
52 creatures vanquished.

Vanquished Creatures (others)
  A killer bee zombie (D:10)
  An ogre zombie (D:10)
  9 orc zombies
  658 foxfires
  3 plants (Sewer)
  2 snaplasher vines (D:10)
674 creatures vanquished.

Grand Total: 1037 creatures vanquished

Notes
Turn   | Place    | Note
-------+----------+-------------------------------------------
     0 | D:1      | OTABOTABOTAB the Djinni Fire Elementalist began the quest
                  | for the Orb.
     0 | D:1      | OTABOTABOTAB set off with the following spells memorised:
                  | Foxfire, Scorch, Kindle Blastsparks, Inner Flame, Flame
                  | Wave.
     0 | D:1      | Reached XP level 1. HP: 15/15 MP: 0/0
     0 | D:1      | OTABOTABOTAB: god?
    56 | D:1      | Trevise: veh
    59 | D:1      | OTABOTABOTAB: am i allowed to take veh on djinni?
    59 | D:1      | OTABOTABOTAB: they get spells inately
    59 | D:1      | Trevise: I think so?
    59 | D:1      | OTABOTABOTAB: no books
    59 | D:1      | Trevise: Yeah I think he can still give you them
    59 | D:1      | Trevise: Not sure tho
    59 | D:1      | OTABOTABOTAB: guess we'll find out
    59 | D:1      | Trevise: lol
    59 | D:1      | OTABOTABOTAB: mak as a backup
   176 | D:1      | Trevise: Been awhile
   231 | D:1      | Trevise: They change things
   373 | D:1      | Reached XP level 2. HP: 21/21 MP: 0/0
  1047 | D:2      | Reached XP level 3. HP: 24/26 MP: 0/0
  1047 | D:2      | Learned a level 1 spell: Sandblast
  1212 | D:2      | Reached skill level 1 in Fighting
  1214 | D:2      | Reached skill level 3 in Spellcasting
  1439 | D:2      | Found a broken altar of Ashenzari.
  1824 | D:3      | Reached XP level 4. HP: 31/32 MP: 0/0
  1992 | D:3      | HP: 6/33 [orc priest/+0 club (5)]
  1998 | D:3      | HP: 5/33 [orc priest/+0 club (4)]
  2010 | D:3      | Reached skill level 2 in Fighting
  2010 | D:3      | Reached XP level 5. HP: 13/38 MP: 0/0
  2010 | D:3      | Learned a level 2 spell: Passwall
  2173 | D:3      | Found a glowing drain.
  2177 | Sewer    | Entered a sewer
  2329 | Sewer    | Reached skill level 4 in Spellcasting
  2588 | Sewer    | Reached XP level 6. HP: 43/45 MP: 0/0
  2693 | Sewer    | Reached skill level 3 in Fighting
  3239 | D:3      | Identified the +7 long sword "Moefu" {protect, rN+}
  3640 | D:4      | Found Pilec's General Store.
  3678 | D:4      | Noticed Eustachio
  3885 | D:4      | Reached skill level 3 in Dodging
  3885 | D:4      | Reached XP level 7. HP: 47/50 MP: 0/0
  3885 | D:4      | Learned a level 3 spell: Mephitic Cloud
  4187 | D:4      | HP: 12/51 [shot self (2)]
  4209 | D:4      | Killed Eustachio
  4210 | D:4      | Reached skill level 4 in Fighting
  4210 | D:4      | Reached skill level 5 in Spellcasting
  4454 | D:4      | Reached skill level 4 in Dodging
  4664 | D:4      | Noticed Ijyb
  4676 | D:4      | Killed Ijyb
  4677 | D:4      | Reached XP level 8. HP: 49/58 MP: 0/0
  5003 | D:4      | Noticed Blork the orc
  5036 | D:4      | Killed Blork the orc
  5317 | D:5      | Entered Level 5 of the Dungeon
  5609 | D:5      | Noticed Grinder
  5617 | D:5      | Killed Grinder
  5618 | D:5      | Reached skill level 5 in Fighting
  5618 | D:5      | Reached skill level 5 in Dodging
  5875 | D:6      | HP: 13/60 [scorpion (3)]
  5879 | D:6      | Reached XP level 9. HP: 14/66 MP: 0/0
  5879 | D:6      | Learned a level 4 spell: Animate Dead
  6239 | D:6      | Reached skill level 6 in Dodging
  6239 | D:6      | Reached skill level 6 in Spellcasting
  6275 | D:6      | Reached skill level 6 in Fighting
  6540 | D:6      | Found Luravouf's Jewellery Shop.
  6688 | D:6      | Found a staircase to the Ecumenical Temple.
  6694 | Temple   | Entered the Ecumenical Temple
  7340 | D:6      | Bought an amulet of regeneration for 330 gold pieces
  7409 | D:7      | Reached skill level 7 in Dodging
  7438 | D:7      | Reached skill level 7 in Fighting
  8154 | D:8      | Reached XP level 10. HP: 51/75 MP: 0/0
  8159 | D:8      | Reached skill level 7 in Spellcasting
  8165 | D:8      | Reached skill level 8 in Dodging
  8293 | D:8      | Reached skill level 8 in Fighting
  8330 | D:8      | Noticed a komodo dragon
  8346 | D:8      | Killed a komodo dragon
  8446 | D:8      | HP: 19/76 [cloud of flame (8)]
  8448 | D:8      | HP: 7/76 [cloud of flame (9)]
  8793 | D:8      | Reached skill level 9 in Dodging
  8846 | D:8      | Noticed a wizard
  8857 | D:8      | Noticed a manticore
  8858 | D:8      | Killed a wizard
  8870 | D:8      | HP: 17/77 [manticore (6)]
  8874 | D:8      | Killed a manticore
  8875 | D:8      | Reached skill level 9 in Fighting
  8875 | D:8      | Reached skill level 8 in Spellcasting
  8875 | D:8      | Reached XP level 11. HP: 18/84 MP: 0/0
  8875 | D:8      | Learned a level 5 spell: Summon Forest
  9223 | D:8      | Found a burning altar of Makhleb.
  9235 | D:8      | Became a worshipper of Makhleb the Destroyer
  9442 | D:9      | Reached skill level 1 in Invocations
  9537 | D:9      | Noticed a two-headed ogre
  9545 | D:9      | Reached skill level 10 in Dodging
  9545 | D:9      | Reached skill level 2 in Invocations
  9564 | D:9      | Killed a two-headed ogre
  9576 | D:9      | Reached skill level 3 in Invocations
  9676 | D:9      | Identified the +8 shortbow of the Globe {elec, rN+}
  9848 | D:10     | Entered Level 10 of the Dungeon
  9849 | D:10     | Noticed Snorg
  9857 | D:10     | Killed Snorg
  9857 | D:10     | Reached * piety under Makhleb
  9858 | D:10     | Reached skill level 4 in Invocations
  9919 | D:10     | Reached skill level 1 in Shields
  9973 | D:10     | Reached skill level 2 in Shields
  9973 | D:10     | Reached skill level 5 in Invocations
 10245 | D:10     | Found a staircase to the Lair.
 10250 | D:10     | Reached skill level 3 in Shields
 10250 | D:10     | Reached XP level 12. HP: 84/91 MP: 0/0
 10280 | D:10     | Reached skill level 4 in Shields
 10337 | D:10     | Noticed Lodul
 10350 | D:10     | Reached skill level 5 in Shields
 10352 | D:10     | Killed Lodul
 10353 | D:10     | Reached skill level 10 in Fighting
 10493 | D:10     | Found a staircase to the Orcish Mines.
 10508 | D:10     | Your ally Lodul died
 10792 | D:10     | Noticed a two-headed ogre
 10810 | D:10     | HP: 22/91 [two-headed ogre/+0 giant spiked club (19)]
 10813 | D:10     | Killed a two-headed ogre
 10816 | D:10     | HP: 22/91 [troll (11)]
 10817 | D:10     | Reached skill level 11 in Dodging
 10817 | D:10     | Reached ** piety under Makhleb
 11044 | Orc:1    | Entered Level 1 of the Orcish Mines
 11209 | Orc:1    | Reached skill level 9 in Spellcasting
 11578 | Orc:2    | Entered Level 2 of the Orcish Mines
 11631 | Orc:2    | Found a staircase to the Elven Halls.
 12142 | Orc:2    | Noticed a sixfirhy
 12145 | Orc:2    | Found Cilourr's Weapon Emporium.
 12145 | Orc:2    | Noticed an orc high priest
 12149 | Orc:2    | Noticed an orc high priest
 12152 | Orc:2    | HP: 22/93 [orc knight/+0 glaive (34)]
 12152 | Orc:2    | Slain by an orc knight

Illustrated notes

Levels and vault maps discovered:
D:1:      dpeg_arrival_rhombi, layout_basic, skrybe_limestone_x
D:2:      layout_loops_ring, basic_altar, st_stairs_10, roderic_st_hans_cross
D:3:      layout_loops_ring, gup_sewer_entry_bowl,
          wander_ebering_terrifying_dragon_lair
D:4:      layout_basic, serial_shops,
          nicolae_shop_temple_entry_statues_fountains, uniq_eustachio,
          uniq_ijyb, uniq_blork_the_orc
D:5:      layout_gridville, st_stairs_14, uniq_grinder
D:6:      layout_cave_pools, minmay_temple_entry_fiery, serial_shops,
          nicolae_shop_advertising_works [nicolae_subvault_shop_adworks]
D:7:      layout_cave_pods, minmay_bent
D:8:      nzn_winding_woodlands_three_and_one
          [nzn_winding_woodlands_5x15_sawtooth, nzn_winding_woodlands_5x15_eye,
          nzn_winding_woodlands_5x15_jagged,
          nzn_winding_woodlands_center_lodge], layout_cave_pools,
          lightli_temple_of_fire, serial_rivers, chequers_serial_rivers_marsh,
          chequers_serial_rivers_large_a, chequers_serial_rivers_small_b,
          chequers_serial_rivers_small_3, chequers_serial_rivers_room_b,
          chequers_serial_rivers_small_a, blue_anna_alchemist
D:9:      layout_basic, minmay_quadrilaterals
D:10:     layout_basic, hellmonk_lair_entry_icy, minmay_orc_entry_temple_small,
          st_stairs_10, dreamdust_gnoll_shepherd, uniq_snorg, uniq_lodul
Temple:   mainiacjoe_temple_archimedes_tessellation
Orc:1:    layout_diamond_mine
Orc:2:    st_orc_elflike, layout_diamond_mine

Skill      XL: |  1  2  3  4  5  6  7  8  9 10 11 12 |
---------------+-------------------------------------+-----
Fighting       | 1 2 3 4 5 7 9 10 | 10.8
Spellcasting   | 3 4 5 6 8 9 |  9.2
Dodging        | 3 4 5 7 9 10 11 | 11.5
Invocations    | 5 |  5.0
Shields        | 3 5 |  5.0
Stealth        | |  1.8

Action                   |  1- 3 |  4- 6 |  7- 9 | 10-12 || total
-------------------------+-------+-------+-------+-------++-------
Melee: Long sword        |       |    12 |    15 |   359 ||   386
       Punch             |       |       |     1 |     3 ||     4
 Fire: Sling             |    14 |     3 |       |       ||    17
 Cast: Foxfire           |    48 |   142 |   196 |    30 ||   416
       Scorch            |     4 |    11 |    40 |     1 ||    56
       Sandblast         |     8 |    17 |    26 |    20 ||    71
       Mephitic Cloud    |       |       |    24 |    43 ||    67
       Kindle Blastspark |       |       |     4 |       ||     4
       Passwall          |       |       |     2 |       ||     2
       Inner Flame       |       |       |     4 |     7 ||    11
       Animate Dead      |       |       |     2 |    22 ||    24
       Flame Wave        |       |       |     1 |    15 ||    16
       Summon Forest     |       |       |       |    10 ||    10
Evoke: Wand              |       |       |       |     3 ||     3
  Use: Potion            |       |     2 |     1 |     1 ||     4
       Scroll            |       |       |     6 |    13 ||    19
 Stab: Sleeping          |       |     2 |     1 |       ||     3
       Confused          |       |       |     1 |    22 ||    23
       Distracted        |       |       |       |     1 ||     1
Armor: Robe              |     5 |     6 |    25 |    68 ||   104
Dodge: Dodged            |     5 |    18 |   107 |   515 ||   645
Block: Other             |       |     4 |    15 |       ||    19
       Reflection        |       |     1 |       |       ||     1
       Buckler           |       |       |       |    84 ||    84

Table legend: (Time is in decaauts)
 A = Elapsed time spent in this place.
 B = Non-inter-level travel time spent in this place.
 C = Inter-level travel time spent in this place.
 D = Time resting spent in this place.
 E = Time spent auto-exploring this place.
 F = Levels seen in this place.
 G = Mean time per level.
                   A        B        C        D        E       F      G
               +--------+--------+--------+--------+--------+-----+--------+
         Total |  12354 |  11833 |    521 |    982 |   8361 |  14 |  882.4 |
       Dungeon |  10243 |   9786 |    457 |    982 |   6776 |  10 | 1024.3 |
        Temple |    215 |    196 |     19 |      0 |    177 |   1 |  215.0 |
  Orcish Mines |   1153 |   1108 |     45 |      0 |    809 |   2 |  576.5 |
         Sewer |    741 |    741 |      0 |      0 |    599 |   1 |  741.0 |
               +--------+--------+--------+--------+--------+-----+--------+

Top non-repeatable levels by time:
     D:4: 1677 daAuts
     D:8: 1219 daAuts
     D:3: 1120 daAuts
     D:7: 1077 daAuts
     D:6: 1076 daAuts
    D:10: 1047 daAuts
     D:2: 972 daAuts
     D:1: 834 daAuts
     D:9: 744 daAuts
   Sewer: 741 daAuts
   Orc:1: 628 daAuts
   Orc:2: 525 daAuts
     D:5: 474 daAuts
  Temple: 215 daAuts

Table legend:
 A = Kills in this place as a percentage of kills in entire the game.
 B = Kills by you in this place as a percentage of kills by you in the entire game.
 C = Kills by friends in this place as a percentage of kills by friends in the entire game.
 D = Other kills in this place as a percentage of other kills in the entire game.
 E = Experience gained in this place as a percentage of experience gained in the entire game.
 F = Experience gained in this place divided by the number of levels of this place that you have seen.
                   A       B       C       D       E      F
               +-------+-------+-------+-------+-------+----------------------
         Total | 100.0 | 100.0 | 100.0 | 100.0 | 100.0 | 1763.5
       Dungeon |  81.3 |  83.3 |  63.3 |  78.9 |  82.5 | 2037.8
  Orcish Mines |  12.5 |   9.4 |  36.7 |  21.1 |  16.6 | 2049.0
         Sewer |   6.2 |   7.3 |   0.0 |   0.0 |   0.9 | 213.0
               +-------+-------+-------+-------+-------+----------------------
